 Dungeon Crawl Stone Soup version 0.21.1-1-g345015f (webtiles) character file.

40809 nicolaieve the Executioner (level 13, -3/116 HPs)
             Began as a Minotaur Berserker on July 16, 2018.
             Was a High Priest of Trog.
             Slain by a catoblepas (11 damage)
             ... on level 6 of the Lair of Beasts.
             The game lasted 01:05:50 (13036 turns).

nicolaieve the Executioner (Minotaur Berserker)    Turns: 13036, Time: 01:05:51

Health: -3/116     AC: 19    Str: 33    XL:     13   Next: 76%
Magic:  0/12       EV:  2    Int:  4    God:    Trog [*****.]
Gold:   920        SH:  0    Dex: 11    Spells: 12/12 levels left

rFire    . . .     SeeInvis .   k - +3 executioner's axe (chop)
rCold    . . .     Gourm    .   (shield currently unavailable)
rNeg     + + +     Faith    .   u - +4 chain mail
rPois    ∞         Spirit   +   (helmet restricted)
rElec    .         Reflect  .   (no cloak)
rCorr    .         Harm     .   (no gloves)
MR       ++...                  I - +2 pair of boots of the Assassin {Detection Stab+ Stlth++}
Stlth    +.........             d - amulet of guardian spirit
HPRegen  1.69/turn              h - ring of stealth
MPRegen  0.13/turn              g - +5 ring of strength

@: lethally poisoned (-3 -> -3), petrified, regenerating
A: retaliatory headbutt, horns 2, regeneration 1, strong 1
a: Berserk, Trog's Hand, Brothers in Arms, Burn Spellbooks, Renounce Religion


You were on level 6 of the Lair of Beasts.
You worshipped Trog.
Trog was extremely pleased with you.
You were hungry.

You visited 2 branches of the dungeon, and saw 15 of its levels.
You also visited: Labyrinth and Sewer.

You collected 920 gold pieces.

Inventory:

Hand Weapons
 k - a +3 executioner's axe of chopping (weapon)
 G - a +2 antimagic battleaxe
 H - a +1 flail of freezing
 M - a +2 hand axe of venom
Armour
 u - a +4 chain mail (worn)
 E - a +1 ring mail of poison resistance
 I - the +2 pair of boots of the Assassin (worn) {Detection Stab+ Stlth++}
   (You found it on level 4 of the Lair of Beasts)

   It makes you much more stealthy.
Jewellery
 d - an amulet of guardian spirit (around neck)
 g - a +5 ring of strength (right hand)
 h - a ring of stealth (left hand)
 J - the amulet "Kukufar" {Spirit Str+2 Int+5, unknown}
   (You found it in a labyrinth)

   [amulet of guardian spirit]

   It causes incoming damage to be split between your health and magic.
   It affects your strength (+2).
   It affects your intelligence (+5).
Wands
 m - a wand of flame (91)
 q - a wand of digging (34)
 v - a wand of clouds (6)
 w - a wand of acid (7)
 L - a wand of paralysis (8)
Scrolls
 a - 2 scrolls of identify
 f - 9 scrolls of remove curse
 o - 2 scrolls of enchant armour
 r - 2 scrolls of fog
 s - 9 scrolls of teleportation {unknown}
 t - 2 scrolls of enchant weapon
 x - 5 scrolls of torment {unknown}
 y - 5 scrolls of blinking {unknown}
 z - 5 scrolls of magic mapping {unknown}
 A - 2 scrolls of immolation
 C - a scroll of silence
 F - a scroll of fear
Potions
 e - 2 potions of heal wounds
 i - a potion of mutation
 j - 4 potions of might
 l - 5 potions of haste
 n - 3 potions of curing
 p - 2 potions of lignification
 D - a potion of agility
Books
 B - a book of Air

   Spells                             Type                      Level
   a - Shock                          Conjuration/Air              1
   b - Swiftness                      Charms/Air                   2
   c - Static Discharge               Conjuration/Air              3
   d - Airstrike                      Air                          4
   e - Lightning Bolt                 Conjuration/Air              5
   Trog disapproves of the use of such an item.
 K - a book of Spatial Translocations

   Spells                             Type                      Level
   a - Blink                          Translocation                2
   b - Shroud of Golubria             Charms/Translocation         2
   c - Lesser Beckoning               Translocation                3
   d - Gell's Gravitas                Translocation                3
   e - Teleport Other                 Translocation                3
   f - Passage of Golubria            Translocation                4
   Trog disapproves of the use of such an item.
Comestibles
 b - 15 chunks of flesh
 c - 40 rations


   Skills:
 - Level 11.2 Fighting
 * Level 22.3 Axes
 - Level 9.8 Armour
 - Level 2.6 Dodging


You had 12 spell levels left.
You didn't know any spells.

Dungeon Overview and Level Annotations

Branches:
Dungeon (9/15)             Temple (0/1) D:7            Lair (6/6) D:9
 Shoals (0/4) Lair:3       Spider (0/4) Lair:3        Slime (0/5) Lair:5
    Orc (0/2) D:9

Altars:
Ashenzari
Dithmenos
Elyvilon
Fedhas
Gozag
Kikubaaqudgha
Qazlal
Trog
Uskayaw
The Shining One
Jiyva

Annotations:
Lair:2 exclusion: 3 oklob plants


Innate Abilities, Weirdness & Mutations

You reflexively headbutt those who attack you in melee.
You have a pair of horns on your head.
Your natural rate of healing is unusually fast.
Your muscles are strong. (Str +2)


Message History

* * * LOW HITPOINT WARNING * * *
The wolf barely misses you.
You are engulfed in calcifying dust.
The wolf bites you but does no damage. The catoblepas gores you!!
* * * LOW HITPOINT WARNING * * *
The wolf bites you but does no damage. x2
You are engulfed in calcifying dust.
The wolf bites you!
* * * LOW HITPOINT WARNING * * *
The wolf bites you but does no damage.
The catoblepas breathes a plume of calcifying dust at you.
The blast of calcifying dust hits you! The wolf bites you but does no damage.
You are engulfed in calcifying dust.
The wolf bites you but does no damage. The wolf bites you!
* * * LOW HITPOINT WARNING * * *
The catoblepas gores you.
* * * LOW HITPOINT WARNING * * *
The wolf bites you but does no damage. x2
You are engulfed in calcifying dust.
The wolf bites you but does no damage. The catoblepas gores you!!
You die...

.##.......... ...... ...#.#...
..##..........#........ #.##.#...
.P# #.......##........#.#.. .#...
.## ##?...#...<......#..####....
..# #.♣...............###......
..# #'#'.............P.#.......
..# ##................P.# #.....
..#...#.........Y......#.#.##....
∩...###........h@h.......##......
.....#P........)§.......#♣♣......
#...........(...§.......♣ ♣♣♣♣..♣
♣♣♣♣♣♣..♣#......÷......♣♣ ♣♣.. ♣♣
##.....%...♣♣♣♣ ♣)) ♣♣♣♣♣♣
♣$........♣ ♣.. ♣....♣♣
♣♣♣.....♣♣♣ ♣♣♣) ♣♣.....♣
♣♣.....♣♣ ♣♣... ♣......♣♣♣
♣♣♣♣♣..♣♣♣♣♣♣♣♣♣...♣


You could see a catoblepas and 2 wolves.

Vanquished Creatures
  Rupert (Lair:3)
  Gastronok (Lair:3)
  A minotaur (Lab)
  Fannar (Lair:3)
  A hydra (Lair:5)
  Erica (D:9)
  2 two-headed ogres
  An ugly thing (D:9)
  A wolf spider (Lair:3)
  Joseph (D:8)
  5 black mambas
  15 spiny frogs
  2 torpor snails
  3 rime drakes
  7 komodo dragons
  2 trolls (D:9)
  A meliai (Lair:6)
  The ghost of Rwicked the Cleaver, an amateur MiBe of Trog (D:4)
  3 polar bears (Lair:6)
  4 hornets (Lair:6)
  4 hippogriffs
  15 blink frogs
  5 dream sheep (Lair:6)
  Sigmund (D:2)
  12 spriggans (Lair:6)
  17 yaks
  4 hogs (D:7)
  A human (D:7)
  3 basilisks
  A wyvern (Lair:1)
  5 hungry ghosts
  Duvessa (D:6)
  4 orc warriors
  10 water moccasins
  5 black bears
  A sky beast (D:8)
  7 porcupines
  3 ice beasts
  3 boggarts (Lair:6)
  4 phantoms
  17 wolves
  5 centaurs
  2 ogres
  10 crocodiles
  10 bullfrogs
  2 gnoll sergeants
  Dowan (D:6)
  A wyvern skeleton (D:8)
  6 killer bees (D:7)
  3 scorpions
  2 wights (D:9)
  The ghost of dscm the Ducker, a weakling OpFi (D:3)
  2 howler monkeys
  4 lava snakes (Lab)
  An electric eel (Lair:1)
  A crimson imp (D:7)
  A bullfrog zombie (D:9)
  3 hounds
  2 jellies
  5 orc priests
  A bullfrog skeleton (D:4)
  2 centaur skeletons
  Natasha (thrice) (D:2)
  14 orc wizards
  5 iguanas
  5 worker ants
  A killer bee zombie (D:7)
  A hound zombie (D:5)
  3 worker ant zombies
  13 gnolls
  7 adders
  2 shadow imps
  An ooze (D:2)
  An adder zombie (D:5)
  2 adder skeletons
  2 worms
  A dart slug (D:1)
  7 leopard geckos
  46 orcs
  5 ball pythons
  9 bats
  3 giant cockroaches
  9 goblins
  5 hobgoblins
  18 jackals
  3 quokkas
  12 frilled lizards
  13 kobolds
  3 quokka skeletons
  3 rats
  A fungus (Lair:2)
  4 plants
444 creatures vanquished.

Vanquished Creatures (others)
  7 fungi
  12 plants
19 creatures vanquished.

Grand Total: 463 creatures vanquished

Notes
Turn   | Place    | Note
-------+----------+-------------------------------------------
     0 | D:1      | nicolaieve the Minotaur Berserker began the quest for the Orb.
     0 | D:1      | Reached XP level 1. HP: 19/19 MP: 0/0
   120 | D:1      | Reached skill level 4 in Axes
   159 | D:1      | Reached XP level 2. HP: 22/27 MP: 1/1
   388 | D:1      | Reached ** piety under Trog
   398 | D:1      | Reached XP level 3. HP: 27/33 MP: 2/2
   694 | D:2      | Noticed Natasha
   701 | D:2      | Killed Natasha
   701 | D:2      | Reached skill level 5 in Axes
   773 | D:2      | Noticed Natasha
   778 | D:2      | Killed Natasha
   778 | D:2      | Reached XP level 4. HP: 41/41 MP: 1/3
   822 | D:2      | Noticed Natasha
   829 | D:2      | Killed Natasha
   829 | D:2      | Reached skill level 6 in Axes
   941 | D:2      | Found a stormy altar of Qazlal.
  1307 | D:2      | Noticed Sigmund
  1320 | D:2      | Killed Sigmund
  1320 | D:2      | Reached skill level 7 in Axes
  1320 | D:2      | Reached XP level 5. HP: 45/47 MP: 1/4
  1320 | D:2      | Reached XP level 6. HP: 52/55 MP: 1/5
  1354 | D:2      | Found a blossoming altar of Fedhas.
  1607 | D:3      | Noticed dscm's ghost (weakling OpFi)
  1616 | D:3      | Killed dscm's ghost
  1641 | D:3      | Found a faded altar of an unknown god.
  1927 | D:4      | Noticed Rwicked's ghost (amateur MiBe)
  1934 | D:4      | Killed Rwicked's ghost
  1934 | D:4      | Reached skill level 8 in Axes
  1934 | D:4      | Reached XP level 7. HP: 55/60 MP: 4/6
  2000 | D:4      | Reached skill level 9 in Axes
  2060 | D:4      | Reached *** piety under Trog
  2205 | D:4      | Reached skill level 10 in Axes
  2314 | D:4      | Found a shadowy altar of Dithmenos.
  2750 | D:5      | Entered Level 5 of the Dungeon
  2760 | D:5      | Reached XP level 8. HP: 45/67 MP: 5/7
  2776 | D:5      | Reached skill level 11 in Axes
  2879 | D:5      | Found a white marble altar of Elyvilon.
  2900 | D:5      | Found a glowing drain.
  2914 | Sewer    | Entered a sewer
  2992 | Sewer    | Reached **** piety under Trog
  3900 | D:5      | Found a shattered altar of Ashenzari.
  3919 | D:5      | Found an opulent altar of Gozag.
  3924 | D:5      | Found a glowing golden altar of the Shining One.
  4079 | D:6      | Reached skill level 12 in Axes
  4138 | D:6      | Found a bloodstained altar of Trog.
  4486 | D:6      | Reached skill level 13 in Axes
  4646 | D:6      | Noticed Duvessa
  4646 | D:6      | Noticed Dowan
  4653 | D:6      | Killed Duvessa
  4653 | D:6      | Reached XP level 9. HP: 65/73 MP: 8/8
  4655 | D:6      | Killed Dowan
  4747 | D:6      | Received a gift from Trog
  4885 | D:7      | Reached ***** piety under Trog
  4913 | D:7      | Reached skill level 14 in Axes
  5018 | D:7      | Found a hide-covered altar of Uskayaw.
  5230 | D:7      | Reached skill level 15 in Axes
  5348 | D:7      | Found an ancient bone altar of Kikubaaqudgha.
  5511 | D:7      | Found a staircase to the Ecumenical Temple.
  5726 | D:8      | Reached XP level 10. HP: 61/80 MP: 9/9
  5774 | D:8      | Reached skill level 5 in Fighting
  5774 | D:8      | Reached skill level 16 in Axes
  5914 | D:8      | Noticed Joseph
  5930 | D:8      | Killed Joseph
  6094 | D:8      | Noticed a two-headed ogre
  6103 | D:8      | Killed a two-headed ogre
  6103 | D:8      | Reached skill level 5 in Armour
  6237 | D:8      | Received a gift from Trog
  6523 | D:9      | Found a staircase to the Lair.
  6637 | D:9      | Noticed a white ugly thing
  6650 | D:9      | Killed a white ugly thing
  6875 | D:9      | Reached skill level 17 in Axes
  6922 | D:9      | Found a staircase to the Orcish Mines.
  6978 | D:9      | Noticed a two-headed ogre
  6988 | D:9      | Killed a two-headed ogre
  6988 | D:9      | Reached XP level 11. HP: 92/92 MP: 3/10
  7131 | D:9      | Noticed Erica
  7147 | D:9      | Killed Erica
  7338 | Lair:1   | Entered Level 1 of the Lair of Beasts
  7357 | Lair:1   | Reached skill level 18 in Axes
  8719 | Lair:2   | Reached skill level 19 in Axes
  8788 | Lair:2   | Gained mutation: You are clumsy. (Dex -2) [potion of mutation]
  8788 | Lair:2   | Lost mutation: You are clumsy. (Dex -2) [potion of mutation]
  8788 | Lair:2   | Gained mutation: Your muscles are strong. (Str +2) [potion of mutation]
  8788 | Lair:2   | Gained mutation: Your natural rate of healing is unusually fast. [potion of mutation]
  9113 | Lair:2   | Reached XP level 12. HP: 91/100 MP: 3/11
  9126 | Lair:2   | Reached skill level 20 in Axes
  9696 | Lair:3   | Found a hole to the Spider Nest.
  9754 | Lair:3   | Noticed Rupert
  9754 | Lair:3   | Paralysed by Rupert for 3 turns
  9784 | Lair:3   | Killed Rupert
  9888 | Lair:3   | Noticed Gastronok
  9907 | Lair:3   | Killed Gastronok
  9907 | Lair:3   | Reached skill level 10 in Fighting
 10068 | Lair:3   | Found a staircase to the Shoals.
 10127 | Lair:3   | Noticed Fannar
 10139 | Lair:3   | Killed Fannar
 10542 | Lair:4   | Found the +2 pair of boots of the Assassin {Detection Stab+ Stlth++}
 10759 | Lair:4   | Received a gift from Trog
 11269 | Lair:5   | Found a viscous altar of Jiyva.
 11269 | Lair:5   | Found a staircase to the Slime Pits.
 11448 | Lair:5   | Noticed a five-headed hydra
 11456 | Lair:5   | Killed a five-headed hydra
 11456 | Lair:5   | Reached XP level 13. HP: 116/116 MP: 10/12
 11867 | Lair:6   | Entered Level 6 of the Lair of Beasts
 12067 | Lair:6   | Found a labyrinth entrance.
 12076 | Lab      | Entered a labyrinth
 12512 | Lab      | Noticed a minotaur
 12518 | Lab      | Killed a minotaur
 12518 | Lab      | Reached skill level 21 in Axes
 12528 | Lab      | Got a wavering graven amulet
 12693 | Lair:6   | Paralysed by a hornet for 2 turns
 12759 | Lair:6   | Paralysed by a hornet for 3 turns
 12819 | Lair:6   | Reached skill level 22 in Axes
 12965 | Lair:6   | Received a gift from Trog
 13036 | Lair:6   | Slain by a catoblepas

Skill      XL: |  1  2  3  4  5  6  7  8  9 10 11 12 13 |
---------------+----------------------------------------+-----
Axes           | 4 5 7 8 10 13 15 17 19 20 22 | 22.3
Fighting       | 4 7 11 | 11.2
Armour         | 3 5 9 |  9.8
Dodging        | |  2.6

Action                   |  1- 3 |  4- 6 |  7- 9 | 10-12 | 13-15 || total
-------------------------+-------+-------+-------+-------+-------++-------
Melee: Hand axe          |    70 |    63 |   324 |       |       ||   457
       Headbutt          |     8 |     9 |    86 |   107 |    39 ||   249
       War axe           |       |       |    65 |    66 |       ||   131
       Battleaxe         |       |       |       |   346 |       ||   346
       Executioner's axe |       |       |       |    21 |   201 ||   222
       Flail             |       |       |       |     4 |       ||     4
Invok: Berserk           |     2 |     2 |     9 |    11 |     2 ||    26
       Trog's Hand       |       |       |     1 |     3 |     2 ||     6
  Use: Scroll            |       |     4 |     4 |    10 |     1 ||    19
       Potion            |       |       |       |     4 |     2 ||     6
  Eat: Chunk             |       |     6 |    22 |    26 |     7 ||    61
       Ration            |       |       |       |     1 |     1 ||     2
Armor: Animal skin       |     6 |       |       |       |       ||     6
       Chain mail        |    34 |    32 |   199 |   183 |   154 ||   602
       Skin              |       |       |       |     3 |       ||     3
Dodge: Dodged            |    41 |    17 |   145 |   129 |   124 ||   456
